PCL
TEXARKANA BEARS @ VANCOUVER VIPERS
09/24/2027
 
TOP OF THE 1ST
Texarkana Bears batting - Pitching for Vancouver Vipers : RHP Jeffrey Campbell
Pitching: RHP Jeffrey Campbell
Batting: RHB Steve Garneys 0-0: Ball
1-0: Ball
2-0: Called Strike
2-1: Swinging Strike
2-2: Foul Ball, location: 2F
2-2: Strikes out swinging
Batting: RHB Tony Reyes 0-0: Ball
1-0: Ball
2-0: Ball
3-0: Base on Balls
Batting: LHB Sam Barnes 0-0: Fly out, F8 (Flyball, 89M)
Batting: RHB Billy Campbell 0-0: Called Strike
0-1: Ball
1-1: SINGLE (Line Drive, 4MD)
Tony Reyes to second
Batting: LHB Tom Mullins 0-0: Ball
1-0: Foul Ball, location: 2F
1-1: Called Strike
1-2: Strikes out swinging
Top of the 1st over - 0 run(s), 1 hit(s), 0 error(s), 2 left on base; Texarkana 0 - Vancouver 0
BOTTOM OF THE 1ST
Vancouver Vipers batting - Pitching for Texarkana Bears : RHP Álex Rodríguez
Pitching: RHP Álex Rodríguez
Batting: RHB Miguel Palácios 0-0: Hit by Pitch
Batting: LHB Mike Williams 0-0: Called Strike
0-1: Called Strike
0-2: Ball
1-2: Foul Ball, location: 2F
1-2: Ball
2-2: Foul Ball, location: 2F
2-2: Ball
3-2: Foul Ball, location: 2F
3-2: SINGLE (Line Drive, 8LS)
Miguel Palácios to second
Batting: LHB Benny Richard 0-0: SINGLE (Groundball, 34) (infield hit)
Miguel Palácios to third
Mike Williams to second
Batting: RHB Daniel Robert 0-0: Called Strike
0-1: Called Strike
0-2: Foul Ball, location: 2F
0-2: Ball
1-2: Grounds into double play, 6-4-3 (Groundball, 6D)
Miguel Palácios scores
Mike Williams to third
Batting: RHB Ryan Parrish 0-0: Ball
1-0: Swinging Strike
Passed Ball!
Mike Williams scores
1-1: Called Strike
1-2: Strikes out looking
Bottom of the 1st over - 2 run(s), 2 hit(s), 0 error(s), 0 left on base; Texarkana 0 - Vancouver 2
TOP OF THE 2ND
Texarkana Bears batting - Pitching for Vancouver Vipers : RHP Jeffrey Campbell
Batting: RHB Taki Chikafuji 0-0: Called Strike
0-1: Foul Ball, location: 2F
0-2: Fly out, F7 (Flyball, 7D)
Batting: LHB Mark Thomas 0-0: Foul Ball, location: 2F
0-1: Called Strike
0-2: Ball
1-2: Ball
2-2: Strikes out swinging
Batting: RHB Juan Rico 0-0: Foul Ball, location: 2F
0-1: Ball
1-1: DOUBLE (Groundball, 5L)
Batting: RHB Arturo Rodríguez 0-0: Foul Ball, location: 2F
0-1: Ball
1-1: Ball
2-1: Hit by Pitch
Batting: RHB Steve Garneys 0-0: Called Strike
0-1: Ball
1-1: Foul Ball, location: 2F
1-2: Ball
2-2: Fly out, F7 (Line Drive, 78M)
Top of the 2nd over - 0 run(s), 1 hit(s), 0 error(s), 2 left on base; Texarkana 0 - Vancouver 2
BOTTOM OF THE 2ND
Vancouver Vipers batting - Pitching for Texarkana Bears : RHP Álex Rodríguez
Batting: RHB Walton Smith 0-0: Ball
1-0: Called Strike
1-1: Foul Ball, location: 2F
1-2: SINGLE (Groundball, 34D)
Batting: RHB Steve Bender 0-0: Ball
1-0: Ball
2-0: Ground out 6-3 (Groundball, 6S)
Walton Smith to second
Batting: RHB Luis Sáenz 0-0: Called Strike
0-1: Called Strike
0-2: Strikes out swinging
Batting: RHB Axel Guimont 0-0: Ball
1-0: Ball
2-0: Ball
3-0: Called Strike
3-1: 2-RUN HOME RUN (Flyball, 7D), Distance : 383 ft
Batting: RHB Miguel Palácios 0-0: Ball
1-0: Swinging Strike
1-1: Fly out, F9 (Flyball, 9)
Bottom of the 2nd over - 2 run(s), 2 hit(s), 0 error(s), 0 left on base; Texarkana 0 - Vancouver 4
TOP OF THE 3RD
Texarkana Bears batting - Pitching for Vancouver Vipers : RHP Jeffrey Campbell
Batting: RHB Tony Reyes 0-0: Ball
1-0: Swinging Strike
1-1: Called Strike
1-2: Ball
2-2: Strikes out swinging
Batting: LHB Sam Barnes 0-0: Swinging Strike
0-1: Ball
1-1: SINGLE (Flyball, 8LS)
Batting: RHB Billy Campbell 0-0: Called Strike
Sam Barnes steals 2nd base
0-1: Ground out 5-3 (Groundball, 56S)
Sam Barnes to third
Batting: LHB Tom Mullins 0-0: Ball
1-0: DOUBLE (Flyball, 8LXD)
Sam Barnes scores
Batting: RHB Taki Chikafuji 0-0: Ball
1-0: Ball
2-0: Foul Ball, location: 2F
2-1: Fly out, F8 (Flyball, 8RD)
Top of the 3rd over - 1 run(s), 2 hit(s), 0 error(s), 1 left on base; Texarkana 1 - Vancouver 4
BOTTOM OF THE 3RD
Vancouver Vipers batting - Pitching for Texarkana Bears : RHP Álex Rodríguez
Batting: LHB Mike Williams 0-0: Ball
1-0: Ball
2-0: Foul Ball, location: 2F
2-1: Swinging Strike
2-2: Ground out 3-1 (Groundball, 34)
Batting: LHB Benny Richard 0-0: Ball
1-0: Foul Ball, location: 2F
1-1: Fly out, F9 (Flyball, 9LSF)
Batting: RHB Daniel Robert 0-0: Ball
1-0: Foul Ball, location: 2F
1-1: Foul Ball, location: 2F
1-2: Ball
2-2: Fly out, F9 (Flyball, 9S)
Bottom of the 3rd over - 0 run(s), 0 hit(s), 0 error(s), 0 left on base; Texarkana 1 - Vancouver 4
TOP OF THE 4TH
Texarkana Bears batting - Pitching for Vancouver Vipers : RHP Jeffrey Campbell
Batting: LHB Mark Thomas 0-0: Called Strike
0-1: Swinging Strike
0-2: Strikes out swinging
Batting: RHB Juan Rico 0-0: Ball
1-0: Ball
2-0: Ball
3-0: Called Strike
3-1: Called Strike
3-2: Foul Ball, location: 2F
3-2: Strikes out looking
Batting: RHB Arturo Rodríguez 0-0: Ball
1-0: Called Strike
1-1: Swinging Strike
1-2: Hit by Pitch
Batting: RHB Steve Garneys 0-0: Ball
1-0: Fielders Choice at 2nd, 6-4 (Groundball, 6)
Top of the 4th over - 0 run(s), 0 hit(s), 0 error(s), 0 left on base; Texarkana 1 - Vancouver 4
BOTTOM OF THE 4TH
Vancouver Vipers batting - Pitching for Texarkana Bears : RHP Álex Rodríguez
Batting: RHB Ryan Parrish 0-0: Ground out 5-3 (Groundball, 5L)
Batting: RHB Walton Smith 0-0: Ball
1-0: Foul Ball, location: 2F
1-1: Ball
2-1: Swinging Strike
2-2: Fly out, F7 (Flyball, 7)
Batting: RHB Steve Bender 0-0: Called Strike
0-1: Ball
1-1: Swinging Strike
1-2: Foul Ball, location: 2F
1-2: Fly out, F7 (Flyball, 7S)
Bottom of the 4th over - 0 run(s), 0 hit(s), 0 error(s), 0 left on base; Texarkana 1 - Vancouver 4
TOP OF THE 5TH
Texarkana Bears batting - Pitching for Vancouver Vipers : RHP Jeffrey Campbell
Batting: RHB Tony Reyes 0-0: Ground out 5-3 (Groundball, 56S)
Batting: LHB Sam Barnes 0-0: Called Strike
0-1: Ball
1-1: Fly out, F8 (Flyball, 8LD)
Batting: RHB Billy Campbell 0-0: Called Strike
0-1: Swinging Strike
0-2: Ball
1-2: Foul Ball, location: 2F
1-2: Hit by Pitch
Batting: LHB Tom Mullins 0-0: Ball
1-0: Ball
2-0: Called Strike
2-1: Ball
3-1: Foul Ball, location: 2F
3-2: Base on Balls
Billy Campbell to second
Batting: RHB Taki Chikafuji 0-0: Ball
1-0: Ball
2-0: Ball
3-0: Called Strike
3-1: Called Strike
3-2: DOUBLE (Flyball, 78D)
Billy Campbell scores
Tom Mullins to third
Tom Mullins scores
Batting: LHB Mark Thomas 0-0: Called Strike
0-1: Ball
1-1: Ball
2-1: Foul Ball, location: 2F
2-2: Ball
3-2: Foul Ball, location: 2F
3-2: Base on Balls
Batting: RHB Juan Rico 0-0: Foul Ball, location: 2F
0-1: Ball
1-1: Ball
2-1: Swinging Strike
2-2: Ball
3-2: Fly out, F6 (Popup, 5D)
Top of the 5th over - 2 run(s), 1 hit(s), 0 error(s), 2 left on base; Texarkana 3 - Vancouver 4
BOTTOM OF THE 5TH
Vancouver Vipers batting - Pitching for Texarkana Bears : RHP Álex Rodríguez
Batting: RHB Luis Sáenz 0-0: Ball
1-0: Foul Ball, location: 2F
1-1: SINGLE (Groundball, 56D)
Batting: RHB Axel Guimont 0-0: Called Strike
0-1: DOUBLE (Groundball, 5L)
Luis Sáenz to third
Batting: RHB Miguel Palácios 0-0: Called Strike
0-1: Ball
1-1: Foul Ball, location: 2F
1-2: SINGLE (Groundball, 34D)
Luis Sáenz scores
Axel Guimont to third
Batting: LHB Mike Williams 0-0: Ball
1-0: Ball
2-0: Called Strike
2-1: Called Strike
2-2: Ball
3-2: Fielders Choice at 2nd, 6-4 (Groundball, 6)
Axel Guimont scores
Pitching: RHP Ralph Willaims
Batting: LHB Benny Richard 0-0: Ball
1-0: Ball
Mike Williams is caught stealing 2nd base
2-0: Called Strike
2-1: Ball
3-1: Ground out 6-3 (Groundball, 6)
Bottom of the 5th over - 2 run(s), 3 hit(s), 0 error(s), 0 left on base; Texarkana 3 - Vancouver 6
TOP OF THE 6TH
Texarkana Bears batting - Pitching for Vancouver Vipers : RHP Jeffrey Campbell
Pitching: RHP Bob Martin
Batting: RHB Arturo Rodríguez 0-0: Swinging Strike
0-1: Swinging Strike
0-2: Strikes out swinging
Batting: RHB Steve Garneys 0-0: Ball
1-0: Ball
2-0: Foul Ball, location: 2F
2-1: Foul Ball, location: 2F
2-2: Ball
3-2: Foul Ball, location: 2F
3-2: Foul Ball, location: 2F
3-2: Ground out 5-3 (Groundball, 56S)
Batting: RHB Tony Reyes 0-0: Called Strike
0-1: Foul Ball, location: 2F
0-2: Ground out 5-3 (Groundball, 56S)
Top of the 6th over - 0 run(s), 0 hit(s), 0 error(s), 0 left on base; Texarkana 3 - Vancouver 6
BOTTOM OF THE 6TH
Vancouver Vipers batting - Pitching for Texarkana Bears : RHP Ralph Willaims
Batting: RHB Daniel Robert 0-0: Ball
1-0: Ball
2-0: Foul Ball, location: 2F
2-1: Swinging Strike
2-2: Ground out 6-3 (Groundball, 6)
Batting: RHB Ryan Parrish 0-0: Ball
1-0: Ball
2-0: Called Strike
2-1: Fly out, F4 (Popup, 4)
Batting: RHB Walton Smith 0-0: Called Strike
0-1: Fly out, F5 (Line Drive, 5)
Bottom of the 6th over - 0 run(s), 0 hit(s), 0 error(s), 0 left on base; Texarkana 3 - Vancouver 6
TOP OF THE 7TH
Texarkana Bears batting - Pitching for Vancouver Vipers : RHP Bob Martin
Batting: LHB Sam Barnes 0-0: Swinging Strike
0-1: Ball
1-1: SINGLE (Line Drive, 4M)
Batting: RHB Billy Campbell 0-0: Called Strike
0-1: Called Strike
0-2: Ball
1-2: Ball
2-2: Foul Ball, location: 2F
2-2: DOUBLE (Groundball, 5L)
Sam Barnes to third
Sam Barnes scores
Pitching: LHP Greg Taylor
Batting: LHB Tom Mullins 0-0: Called Strike
0-1: Ball
1-1: Swinging Strike
1-2: Ball
2-2: Foul Ball, location: 2F
2-2: Ball
3-2: Strikes out swinging
Batting: RHB Taki Chikafuji 0-0: Called Strike
0-1: Single, Error in OF, E8, batter to second base
Billy Campbell scores
Pitching: RHP Von Hicks
Batting: LHB Mark Thomas 0-0: Ground out 1-3 (Groundball, 13S)
Taki Chikafuji to third
Batting: RHB Juan Rico 0-0: Foul Ball, location: 2F
0-1: Swinging Strike
0-2: Strikes out swinging
Top of the 7th over - 2 run(s), 3 hit(s), 1 error(s), 1 left on base; Texarkana 5 - Vancouver 6
BOTTOM OF THE 7TH
Vancouver Vipers batting - Pitching for Texarkana Bears : RHP Ralph Willaims
Batting: RHB Steve Bender 0-0: Called Strike
0-1: Ball
1-1: Foul Ball, location: 2F
1-2: Ball
2-2: Ball
3-2: Foul Ball, location: 2F
3-2: Ground out 6-3 (Groundball, 6)
Batting: RHB Luis Sáenz 0-0: Fly out, F9 (Flyball, 9LM)
Batting: RHB Axel Guimont 0-0: SINGLE (Line Drive, 89M)
Pinch Hitting: LHB Bob Ware 0-0: Ball
1-0: Ball
2-0: Ball
3-0: Called Strike
3-1: Foul Ball, location: 2F
3-2: Foul Ball, location: 2F
3-2: Foul Ball, location: 2F
3-2: Fly out, F8 (Line Drive, 8LM)
Bottom of the 7th over - 0 run(s), 1 hit(s), 0 error(s), 1 left on base; Texarkana 5 - Vancouver 6
TOP OF THE 8TH
Texarkana Bears batting - Pitching for Vancouver Vipers : RHP Von Hicks
Pitching: RHP Jesse Jones
Now at 2B: Brian Ford
Now at SS: Salvador Medine
Batting: RHB Arturo Rodríguez 0-0: Ball
1-0: Ball
2-0: Ground out 1-3 (Groundball, 13S)
Batting: RHB Steve Garneys 0-0: Called Strike
0-1: Called Strike
0-2: Ball
1-2: Strikes out swinging
Batting: RHB Tony Reyes 0-0: Ball
1-0: Foul Ball, location: 2F
1-1: Called Strike
1-2: Ground out 5-3 (Groundball, 56)
Top of the 8th over - 0 run(s), 0 hit(s), 0 error(s), 0 left on base; Texarkana 5 - Vancouver 6
BOTTOM OF THE 8TH
Vancouver Vipers batting - Pitching for Texarkana Bears : RHP Ralph Willaims
Batting: LHB Mike Williams 0-0: Ball
1-0: Foul Ball, location: 2F
1-1: Ball
2-1: Foul Ball, location: 2F
2-2: Ground out 6-3 (Groundball, 6)
Batting: LHB Benny Richard 0-0: Ball
1-0: Swinging Strike
1-1: Foul Ball, location: 2F
1-2: Ground out 6-3 (Groundball, 6)
Batting: RHB Daniel Robert 0-0: SINGLE (Line Drive, 7S)
Batting: RHB Ryan Parrish 0-0: Ball
1-0: Ball
2-0: Called Strike
2-1: Ball
3-1: Base on Balls
Daniel Robert to second
Batting: RHB Walton Smith 0-0: Foul Ball, location: 2F
0-1: Ball
1-1: Hit by Pitch
Daniel Robert to third
Ryan Parrish to second
Pinch Hitting: RHB Marvin Workman 0-0: Fielders Choice at 2nd, 4-6 (Groundball, 4MD)
Bottom of the 8th over - 0 run(s), 1 hit(s), 0 error(s), 2 left on base; Texarkana 5 - Vancouver 6
TOP OF THE 9TH
Texarkana Bears batting - Pitching for Vancouver Vipers : RHP Jesse Jones
Pitching: RHP Pedro Días
Now in LF: Víctor Arredondo
Batting: LHB Sam Barnes 0-0: Ball
1-0: Fly out, F3 (Popup, 3S)
Batting: RHB Billy Campbell 0-0: Ball
1-0: Ball
2-0: Foul Ball, location: 2F
2-1: Foul Ball, location: 2F
2-2: Ball
3-2: Strikes out looking
Batting: LHB Tom Mullins 0-0: Called Strike
0-1: Fly out, F4 (Line Drive, 4MD)
Top of the 9th over - 0 run(s), 0 hit(s), 0 error(s), 0 left on base; Texarkana 5 - Vancouver 6
Thursday, March 30th, 2017 - OOTP Baseball 17.12 Build 75